[Event "Turkish Youth Championship 2024"]
[Site "Samsun"]
[Date "2024.05.23"]
[Round "8"]
[White "Bilgi, Ali Erdem"]
[Black "Gulbas, Isa"]
[Result "1-0"]
[ECO "B13"]
[WhiteElo "1642"]
[BlackElo "1813"]
[Annotator "NA RC"]
[PlyCount "117"]
[EventDate "2024.05.18"]
[EventType "swiss"]
[EventCountry "TUR"]
[SourceTitle "playchess.com"]
[Source "ChessBase"]
[SourceQuality "1"]
[TimeControl "5400+30"]

1. e4 c6 2. d4 d5 3. exd5 cxd5 4. Bd3 Nc6 5. c3 Nf6 6. h3 g6 7. Qc2 Bg7 8. Nf3 Qc7 9. O-O O-O 10. Re1 Nh5 11. b4 Nf4 12. Bxf4 Qxf4 13. b5 Na5 14. Nbd2 Be6 15. Qa4 b6 16. Qb4 Rac8 17. Rac1 Rc7 18. Qb2 Rfc8 19. h4 Bf5 20. g3 Qg4 21. Nh2 Qh5 22. Be2 Qh6 23. Bf3 e6 24. Nhf1 Bd3 25. Ne3 f5 26. Bxd5 exd5 27. Nxd5 Rd7 28. Ne7+ Rxe7 29. Rxe7 f4 30. Rce1 fxg3 31. fxg3 Bf8 32. R7e3 Bf5 33. a4 Qg7 34. Qa1 Qf7 35. Qd1 Nc4 36. Nxc4 Rxc4 37. Rf1 Qd5 38. Re5 Qd7 39. Qb3 Qc7 40. Kh2 Bd6 41. Re3 Kg7 42. Ref3 Qc8 43. Kg1 Qc7 44. Kh2 Qc8 45. Kg1 Be6 46. Qc2 Bd5 47. Re3 Qh3 48. Qh2 Qg4 49. Qf2 Qd7 50. Qf6+ Kg8 51. h5 Rc8 52. hxg6 Rf8 53. gxh7+ Kxh7 54. Qh4+ Kg6 55. Rxf8 Bxf8 56. Re5 Be6 57. Qe4+ Kf7 58. d5 Bc5+ 59. Kh2 1-0

[Event "Turkish Youth Championship 2024"]
[Site "Samsun"]
[Date "2024.05.23"]
[Round "8"]
[White "Ozer, Yigit Eren"]
[Black "Yogurtcuoglu, Cagan"]
[Result "1-0"]
[ECO "B22"]
[WhiteElo "1519"]
[BlackElo "1714"]
[Annotator "NA RC"]
[PlyCount "57"]
[EventDate "2024.05.18"]
[EventType "swiss"]
[EventCountry "TUR"]
[SourceTitle "playchess.com"]
[Source "ChessBase"]
[SourceQuality "1"]
[TimeControl "5400+30"]

1. e4 c5 2. c3 d5 3. exd5 Qxd5 4. Nf3 Bg4 5. Be2 Nc6 6. Na3 e5 7. d3 f6 8. Nc4 O-O-O 9. Ne3 Qd7 10. Nxg4 Qxg4 11. Nxe5 Qe6 12. Nxc6 Qxc6 13. Bf3 Qc7 14. Qa4 a6 15. Bf4 Bd6 16. Bxd6 Rxd6 17. O-O-O Nh6 18. d4 c4 19. Rhe1 b5 20. Qc2 Kb8 21. Qe4 Ka7 22. Qe7 Qd7 23. Bc6 Qxe7 24. Rxe7+ Kb6 25. Be4 g6 26. Rb7+ Ka5 27. b4+ cxb3 28. axb3 Re8 29. Kb2 1-0

[Event "Turkish Youth Championship 2024"]
[Site "Samsun"]
[Date "2024.05.24"]
[Round "9"]
[White "Cilek, Bora"]
[Black "Ozgun, Yigit Deniz"]
[Result "1-0"]
[ECO "A11"]
[WhiteElo "2246"]
[BlackElo "1917"]
[Annotator "RC"]
[PlyCount "101"]
[EventDate "2024.05.18"]
[EventType "swiss"]
[EventCountry "TUR"]
[SourceTitle "playchess.com"]
[Source "ChessBase"]
[SourceQuality "1"]
[TimeControl "5400+30"]

1. Nf3 Nf6 2. g3 d5 3. Bg2 Bf5 4. c4 c6 5. Qb3 Qb6 6. d3 Nbd7 7. cxd5 cxd5 8. Nc3 e6 9. Qxb6 axb6 10. O-O e5 11. Nh4 Be6 12. f4 Bc5+ 13. Kh1 exf4 14. gxf4 g6 15. e3 Be7 16. f5 gxf5 17. Nxf5 Rg8 18. Bd2 Nc5 19. Nb5 Kd7 20. Nxe7 Kxe7 21. Bb4 Ng4 22. d4 Ra4 23. a3 Rxb4 24. axb4 Nd3 25. Rf3 Rc8 26. Nc3 Nxb2 27. h3 Rxc3 28. hxg4 Bxg4 29. Rg3 Be6 30. Ra7 Nc4 31. Rxb7+ Kf6 32. Kh2 Nxe3 33. Rxb6 h5 34. Bh3 Rc2+ 35. Kg1 Nf5 36. Rf3 Kg5 37. Bxf5 Bxf5 38. Rd6 Be6 39. Rd8 Rc4 40. Rg8+ Kh6 41. Rb3 h4 42. b5 h3 43. b6 Rc1+ 44. Kf2 Rc2+ 45. Ke3 Kh7 46. b7 Kxg8 47. b8=Q+ Rc8 48. Qxc8+ Bxc8 49. Rb8 h2 50. Rxc8+ Kg7 51. Rc1 1-0

[Event "Turkish Youth Championship 2024"]
[Site "Samsun"]
[Date "2024.05.24"]
[Round "9"]
[White "Yilmaz, Kerem Tuna"]
[Black "Nurdogan, Ilgin Destina"]
[Result "1-0"]
[ECO "B50"]
[WhiteElo "2039"]
[BlackElo "1699"]
[Annotator "RC"]
[PlyCount "65"]
[EventDate "2024.05.18"]
[EventType "swiss"]
[EventCountry "TUR"]
[SourceTitle "playchess.com"]
[Source "ChessBase"]
[SourceQuality "1"]
[TimeControl "5400+30"]

1. e4 c5 2. Nf3 d6 3. c3 Nf6 4. Be2 g6 5. O-O Bg7 6. Bb5+ Bd7 7. Bxd7+ Nbxd7 8. Qe2 O-O 9. d4 Rc8 10. e5 dxe5 11. dxe5 Nd5 12. e6 N7b6 13. exf7+ Rxf7 14. Ng5 Rf6 15. Ne6 Qd6 16. Nxg7 Kxg7 17. Na3 Nf4 18. Bxf4 Rxf4 19. Nb5 Qf6 20. Rae1 a6 21. Qxe7+ Qxe7 22. Rxe7+ Kf6 23. Rxb7 Nc4 24. Nc7 Ke5 25. Nxa6 Rcf8 26. Nxc5 Kd6 27. Nd3 R4f5 28. Rxh7 Kc6 29. Re1 Kd6 30. b3 Nb6 31. c4 Nd7 32. b4 Nf6 33. Rhe7 1-0

[Event "Turkish Youth Championship 2024"]
[Site "Samsun"]
[Date "2024.05.24"]
[Round "9"]
[White "Danaci, Ege"]
[Black "Ekinci, Berkay"]
[Result "0-1"]
[ECO "B30"]
[WhiteElo "2031"]
[BlackElo "1891"]
[Annotator "RC"]
[PlyCount "92"]
[EventDate "2024.05.18"]
[EventType "swiss"]
[EventCountry "TUR"]
[SourceTitle "playchess.com"]
[Source "ChessBase"]
[SourceQuality "1"]
[TimeControl "5400+30"]

1. e4 c5 2. Nf3 Nc6 3. Bb5 e6 4. O-O Nge7 5. d4 cxd4 6. Nxd4 Qb6 7. Nxc6 bxc6 8. Bd3 d5 9. c4 dxe4 10. Bxe4 f5 11. Bf3 e5 12. Nc3 e4 13. Bh5+ g6 14. Be3 Qc7 15. Qd4 Rg8 16. Qc5 Qb7 17. Be2 Nd5 18. Qd4 Bg7 19. Qd2 Nxe3 20. fxe3 Be5 21. g4 Qe7 22. Bd1 Bd7 23. Bb3 Qh4 24. Qe2 fxg4 25. c5 Rg7 26. Nxe4 g3 27. Nd6+ Bxd6 28. cxd6 gxh2+ 29. Qxh2 Qg5+ 30. Kf2 O-O-O 31. Qf4 Qxf4+ 32. exf4 Bf5 33. Rfe1 Rxd6 34. Rac1 Rgd7 35. Ba4 Kb7 36. Re3 Rd2+ 37. Kg3 R7d6 38. Rc4 Rxb2 39. Bb3 h5 40. Re7+ Bd7 41. Rb4+ Kc7 42. Ra4 Rd3+ 43. Kh4 Kd8 44. Re5 Rg2 45. Be6 Bxe6 46. Rxe6 Rg4# 0-1

[Event "Turkish Youth Championship 2024"]
[Site "Samsun"]
[Date "2024.05.24"]
[Round "9"]
[White "Atis, Hasan"]
[Black "Uzdemir, Ali Poyraz"]
[Result "1-0"]
[ECO "B61"]
[WhiteElo "2014"]
[BlackElo "1898"]
[Annotator "RC"]
[PlyCount "125"]
[EventDate "2024.05.18"]
[EventType "swiss"]
[EventCountry "TUR"]
[SourceTitle "playchess.com"]
[Source "ChessBase"]
[SourceQuality "1"]
[TimeControl "5400+30"]

1. e4 c5 2. Nf3 d6 3. d4 cxd4 4. Nxd4 Nf6 5. Nc3 Nc6 6. Bg5 Bd7 7. Qd2 Rc8 8. O-O-O Nxd4 9. Qxd4 Qa5 10. Be3 a6 11. f3 g6 12. Bc4 Bg7 13. Bb3 O-O 14. Qd2 Qc7 15. Bd4 Be6 16. Nd5 Nxd5 17. Bxg7 Kxg7 18. exd5 Bd7 19. h4 h5 20. Qd4+ f6 21. g4 hxg4 22. fxg4 e5 23. dxe6 Bxe6 24. c3 Bxb3 25. axb3 Rcd8 26. Rhe1 d5 27. g5 Rd6 28. Rf1 Qb6 29. Qxb6 Rxb6 30. Rxd5 fxg5 31. Rxf8 Kxf8 32. Rxg5 Kf7 33. b4 Kf6 34. Rc5 Rb5 35. Kd2 Rb6 36. Kc2 Rd6 37. b5 axb5 38. Rxb5 b6 39. Kb3 Ke6 40. Rb4 Kf5 41. Ka4 Ke6 42. Kb5 Rd8 43. Kxb6 Rb8+ 44. Kc5 Rc8+ 45. Kb5 Rb8+ 46. Kc4 Rc8+ 47. Kd3 Ke5 48. Rd4 Rc6 49. b4 Rc7 50. b5 Rb7 51. Kc4 Rc7+ 52. Kb4 Rc8 53. Rg4 Kf5 54. Rc4 Rb8 55. Ka5 Ra8+ 56. Kb6 Rb8+ 57. Ka6 Ra8+ 58. Kb7 Ra5 59. b6 Rb5 60. Kc6 Rb1 61. b7 Rb3 62. Kc7 Rxb7+ 63. Kxb7 1-0

[Event "Turkish Youth Championship 2024"]
[Site "Samsun"]
[Date "2024.05.24"]
[Round "9"]
[White "Tirpan, Ceren"]
[Black "Zerey, Demhat"]
[Result "1/2-1/2"]
[ECO "A13"]
[WhiteElo "2004"]
[BlackElo "1986"]
[Annotator "RC"]
[PlyCount "127"]
[EventDate "2024.05.18"]
[EventType "swiss"]
[EventCountry "TUR"]
[SourceTitle "playchess.com"]
[Source "ChessBase"]
[SourceQuality "1"]
[TimeControl "5400+30"]

1. c4 e6 2. g3 Nf6 3. Bg2 d5 4. Nf3 d4 5. b4 Bxb4 6. Qa4+ Nc6 7. Ne5 Rb8 8. Nxc6 bxc6 9. Bxc6+ Bd7 10. O-O O-O 11. d3 Rb6 12. Bxd7 Nxd7 13. Nd2 e5 14. Rb1 Nc5 15. Qc2 Ne6 16. a3 Be7 17. Nf3 Bd6 18. Bd2 Qa8 19. Rxb6 axb6 20. a4 f5 21. a5 e4 22. Nh4 e3 23. fxe3 dxe3 24. Bxe3 f4 25. c5 fxe3 26. Rxf8+ Qxf8 27. Nf3 Nxc5 28. d4 Nd7 29. a6 b5 30. Qb3+ Kh8 31. Qxb5 Nb6 32. Qd3 c5 33. Qb5 Na8 34. d5 h6 35. Kg2 Qd8 36. Nh4 Qc8 37. Qb7 Qxb7 38. axb7 Nb6 39. Nf5 Bb8 40. Nxe3 c4 41. Kf3 c3 42. Ke4 Nc4 43. Nc2 Nd6+ 44. Kd3 Kg8 45. Kxc3 Nxb7 46. Kd4 Kf7 47. Nb4 Bd6 48. Nc6 Bc5+ 49. Kc4 Bg1 50. Ne5+ Kf6 51. Nf3 Nd6+ 52. Kd3 Bb6 53. g4 Nf7 54. Ke4 Nd6+ 55. Kd3 Ba7 56. h4 Nf7 57. Ke4 Nd6+ 58. Kf4 Bb8 59. g5+ hxg5+ 60. hxg5+ Ke7 61. e4 Nb5+ 62. e5 Nc3 63. d6+ Kd7 64. Kf5 1/2-1/2

[Event "Turkish Youth Championship 2024"]
[Site "Samsun"]
[Date "2024.05.24"]
[Round "9"]
[White "Dogan, Umut Anil"]
[Black "Ilgaz, Yusuf Kerem"]
[Result "1-0"]
[ECO "A09"]
[WhiteElo "1959"]
[BlackElo "1964"]
[Annotator "RC"]
[PlyCount "101"]
[EventDate "2024.05.18"]
[EventType "swiss"]
[EventCountry "TUR"]
[SourceTitle "playchess.com"]
[Source "ChessBase"]
[SourceQuality "1"]
[TimeControl "5400+30"]

1. Nf3 d5 2. g3 g6 3. c4 dxc4 4. Na3 Bg7 5. Nxc4 Nc6 6. d3 e5 7. Bg2 e4 8. dxe4 Qxd1+ 9. Kxd1 Nf6 10. Ne1 Ng4 11. Nd3 Be6 12. Ne3 O-O-O 13. Nd5 f5 14. f3 fxe4 15. fxe4 Nce5 16. N5f4 Bc4 17. Kc2 Rhe8 18. Bd2 Bxd3+ 19. exd3 Nf2 20. Rhf1 Nexd3 21. Nxd3 Nxd3 22. Bc3 Bxc3 23. Kxc3 Nc5 24. Rae1 Re7 25. e5 c6 26. Bh3+ Kc7 27. e6 Rde8 28. Rf7 Kd6 29. Rd1+ Kc7 30. Re1 Kd6 31. Rd1+ Kc7 32. b4 Ne4+ 33. Kd4 Nf2 34. Rxf2 Rd8+ 35. Ke5 Rxd1 36. Rf7 Kd8 37. Kf6 Re8 38. Rxb7 Rf8+ 39. Kg7 Rf2 40. Rf7 Rdd2 41. Kf8 Rxf7+ 42. exf7 Rf2 43. Be6 h5 44. h4 Rf3 45. a4 Rf6 46. Bh3 Rf2 47. a5 Rf6 48. Bg2 Kd7 49. Bxc6+ Kxc6 50. Kg7 Rf2 51. f8=Q 1-0

[Event "Turkish Youth Championship 2024"]
[Site "Samsun"]
[Date "2024.05.24"]
[Round "9"]
[White "Basara, Arda"]
[Black "Bilgi, Ali Erdem"]
[Result "0-1"]
[ECO "A41"]
[WhiteElo "1943"]
[BlackElo "1642"]
[Annotator "RC"]
[PlyCount "64"]
[EventDate "2024.05.18"]
[EventType "swiss"]
[EventCountry "TUR"]
[SourceTitle "playchess.com"]
[Source "ChessBase"]
[SourceQuality "1"]
[TimeControl "5400+30"]

1. d4 d6 2. c4 e5 3. d5 g6 4. Nc3 a5 5. h4 h5 6. Nf3 Bh6 7. e4 Bxc1 8. Rxc1 Bd7 9. Be2 Na6 10. a3 Nf6 11. Ng5 O-O 12. O-O Qe8 13. b3 Qe7 14. g3 Nh7 15. Nxh7 Kxh7 16. Bd3 Nc5 17. b4 axb4 18. axb4 Na4 19. Kg2 Nxc3 20. Rxc3 Ra4 21. Rb3 Kg7 22. Qe2 Rfa8 23. c5 dxc5 24. bxc5 Qxc5 25. Rxb7 Ra2 26. Rb2 R2a3 27. Rc2 Rc3 28. Rfc1 Rxc2 29. Rxc2 Qb6 30. Qd2 Ra3 31. f3 Ba4 32. Rb2 Rxd3 0-1

[Event "Turkish Youth Championship 2024"]
[Site "Samsun"]
[Date "2024.05.24"]
[Round "9"]
[White "Buyuk, Ecrin Efsa"]
[Black "Cetindag, Alper"]
[Result "0-1"]
[ECO "B21"]
[WhiteElo "1892"]
[BlackElo "1839"]
[Annotator "NA RC"]
[PlyCount "54"]
[EventDate "2024.05.18"]
[EventType "swiss"]
[EventCountry "TUR"]
[SourceTitle "playchess.com"]
[Source "ChessBase"]
[SourceQuality "1"]
[TimeControl "5400+30"]

1. e4 c5 2. Be2 Nc6 3. f4 d6 4. Nf3 g6 5. O-O Bg7 6. d3 e6 7. c3 Nge7 8. Be3 O-O 9. d4 f5 10. e5 Nd5 11. Qd2 Nxe3 12. Qxe3 Ne7 13. Rd1 Nd5 14. Qd2 Bh6 15. g3 cxd4 16. cxd4 dxe5 17. dxe5 Bd7 18. Nc3 Bc6 19. Nd4 Qb6 20. h3 Rfd8 21. Kh2 Bf8 22. Bc4 Nc7 23. Nce2 Bc5 24. Qc3 Be4 25. a3 a5 26. Rac1 Rac8 27. Nxe6 Bg1+ 0-1

[Event "Turkish Youth Championship 2024"]
[Site "Samsun"]
[Date "2024.05.24"]
[Round "9"]
[White "Selvi, Kaan"]
[Black "Turgut, Hakan"]
[Result "0-1"]
[ECO "B86"]
[WhiteElo "1881"]
[BlackElo "1954"]
[Annotator "RC"]
[PlyCount "109"]
[EventDate "2024.05.18"]
[EventType "swiss"]
[EventCountry "TUR"]
[SourceTitle "playchess.com"]
[Source "ChessBase"]
[SourceQuality "1"]
[TimeControl "5400+30"]

1. e4 c5 2. Nf3 a6 3. Nc3 d6 4. d4 cxd4 5. Nxd4 Nf6 6. Bc4 e6 7. a3 Qc7 8. Ba2 Nbd7 9. O-O Nb6 10. Qe2 Be7 11. f4 O-O 12. f5 d5 13. fxe6 fxe6 14. Bf4 Bd6 15. e5 Bc5 16. exf6 Bxd4+ 17. Kh1 Qc6 18. fxg7 Rf5 19. g4 Rxf4 20. Rxf4 Bxg7 21. Qf3 Qe8 22. Re1 Qd8 23. Rf7 Bd7 24. Rf1 Bc6 25. Rxg7+ Kxg7 26. Qf7+ Kh8 27. Qxe6 Qg5 28. Rf5 Qg7 29. Rf7 Qg5 30. Qe7 Qxe7 31. Rxe7 Rf8 32. Kg1 Rg8 33. h3 Rg5 34. Rf7 Kg8 35. Rf4 Kg7 36. h4 Re5 37. Kf2 Nd7 38. b4 h6 39. Ne2 Nf6 40. Ng3 Bb5 41. Kf3 Kg6 42. Rf5 Re6 43. Bb3 Bd7 44. Nh5 Nxg4 45. Kxg4 Re5 46. Ng3 Bxf5+ 47. Nxf5 h5+ 48. Kf4 Rxf5+ 49. Kg3 Kf6 50. c3 Ke5 51. Bc2 Rf6 52. Bd1 Rf5 53. Bf3 b5 54. Bd1 d4 55. Bf3 0-1

[Event "Turkish Youth Championship 2024"]
[Site "Samsun"]
[Date "2024.05.24"]
[Round "9"]
[White "Gokturk, Murat Kutay"]
[Black "Cicek, Bilal Emre"]
[Result "1-0"]
[ECO "B45"]
[WhiteElo "1862"]
[BlackElo "1873"]
[Annotator "NA RC"]
[PlyCount "81"]
[EventDate "2024.05.18"]
[EventType "swiss"]
[EventCountry "TUR"]
[SourceTitle "playchess.com"]
[Source "ChessBase"]
[SourceQuality "1"]
[TimeControl "5400+30"]

1. e4 c5 2. Nf3 e6 3. d4 cxd4 4. Nxd4 Nf6 5. Nc3 Nc6 6. Nxc6 bxc6 7. e5 Nd5 8. Ne4 Bb7 9. c4 Nb4 10. c5 Qb8 11. f4 a5 12. Be2 Ba6 13. O-O Be7 14. Be3 Nd5 15. Bd4 Bxe2 $14 16. Qxe2 g6 17. g4 Qb4 18. Rad1 h5 19. g5 O-O 20. Qc2 Rfb8 21. Rf3 a4 22. Nf6+ Bxf6 23. gxf6 Kf8 24. f5 exf5 25. Rxf5 Ke8 26. Rf3 Kd8 27. h3 Rb5 28. e6 dxe6 29. Qh2 Ke8 30. Qd6 Rd8 31. Qxc6+ Kf8 32. Bc3 Qe4 33. Qxb5 Qxf3 34. Qxa4 Qg3+ 35. Kh1 Qxh3+ 36. Kg1 Qg3+ 37. Kh1 Re8 38. Qd4 Qf3+ 39. Kh2 Ne3 40. Qd2 Nxd1 41. Qh6+ 1-0

[Event "Turkish Youth Championship 2024"]
[Site "Samsun"]
[Date "2024.05.24"]
[Round "9"]
[White "Hamurcu, Mehmet"]
[Black "Topuz, Mirac Melih"]
[Result "0-1"]
[ECO "B22"]
[WhiteElo "1832"]
[BlackElo "2079"]
[Annotator "RC"]
[PlyCount "56"]
[EventDate "2024.05.18"]
[EventType "swiss"]
[EventCountry "TUR"]
[SourceTitle "playchess.com"]
[Source "ChessBase"]
[SourceQuality "1"]
[TimeControl "5400+30"]

1. e4 c5 2. c3 Nf6 3. e5 Nd5 4. d4 cxd4 5. Bc4 e6 6. Bxd5 exd5 7. Nf3 Nc6 8. O-O Be7 9. Qb3 d6 10. exd6 Qxd6 11. Nxd4 Nxd4 12. cxd4 O-O 13. Nc3 Be6 14. Ne2 Bf6 15. Bf4 Qa6 16. Nc3 Bxd4 17. Nb5 Bb6 18. a4 d4 19. Qb4 Rac8 20. Bd6 Rfe8 21. Rfc1 d3 22. Bc7 Bd7 23. Bg3 Rxc1+ 24. Rxc1 Bxb5 25. axb5 Qa5 26. Qxa5 Bxa5 27. Bf4 d2 28. Rd1 Re1+ 0-1

[Event "Turkish Youth Championship 2024"]
[Site "Samsun"]
[Date "2024.05.24"]
[Round "9"]
[White "Nuhoglu, Yusahan"]
[Black "Latifoglu, Ali Emir"]
[Result "1/2-1/2"]
[ECO "D02"]
[WhiteElo "1792"]
[BlackElo "1641"]
[Annotator "NA RC"]
[PlyCount "72"]
[EventDate "2024.05.18"]
[EventType "swiss"]
[EventCountry "TUR"]
[SourceTitle "playchess.com"]
[Source "ChessBase"]
[SourceQuality "1"]
[TimeControl "5400+30"]

1. d4 Nf6 2. Bf4 e6 3. e3 d5 4. Nd2 c5 5. c3 Bd6 6. Bg3 Qc7 7. Ngf3 Nbd7 8. Bd3 O-O 9. O-O Bxg3 10. hxg3 e5 11. dxe5 Nxe5 12. Nxe5 Qxe5 13. Re1 Be6 14. Qa4 Qc7 15. e4 dxe4 16. Nxe4 Nxe4 17. Qxe4 g6 18. a4 Rad8 19. Rad1 Bf5 20. Qf3 Bxd3 21. Rxd3 Rxd3 22. Qxd3 Rd8 23. Qe3 Rd7 24. Qg5 Qd6 25. Kh2 Kg7 26. Re4 h6 27. Qe3 b6 28. Re8 Qd5 29. g4 Qg5 30. Qxg5 hxg5 31. Ra8 Rd2 32. b4 cxb4 33. cxb4 Rd7 34. b5 Kf6 35. Kg3 Rc7 36. Kf3 Ke5 1/2-1/2

[Event "Turkish Youth Championship 2024"]
[Site "Samsun"]
[Date "2024.05.24"]
[Round "9"]
[White "Zeyrek, Ayaz"]
[Black "Kilic, Nurullah"]
[Result "1/2-1/2"]
[ECO "A59"]
[WhiteElo "1750"]
[BlackElo "1893"]
[Annotator "NA RC"]
[PlyCount "114"]
[EventDate "2024.05.18"]
[EventType "swiss"]
[EventCountry "TUR"]
[SourceTitle "playchess.com"]
[Source "ChessBase"]
[SourceQuality "1"]
[TimeControl "5400+30"]

1. d4 Nf6 2. c4 c5 3. d5 b5 4. cxb5 a6 5. bxa6 g6 6. Nc3 Bxa6 7. g3 d6 8. e4 Bxf1 9. Kxf1 Bg7 10. Nge2 Nbd7 11. Kg2 O-O 12. Qc2 Ra6 13. b3 Qa8 14. Bb2 Rb8 15. a4 c4 16. bxc4 Nxe4 17. Qxe4 Rxb2 18. Qxe7 Ne5 19. Rab1 Nxc4 20. Rxb2 Nxb2 21. Rb1 Bf8 22. Qd7 Rb6 23. Qc7 Qa6 24. Nf4 Rb4 25. Ne4 Rxe4 26. Rxb2 Re1 27. Rb8 Qf1+ 28. Kf3 Qh1+ 29. Ng2 Re5 30. g4 Qxh2 31. Nf4 Qh1+ 32. Kg3 Re1 33. Rxf8+ Kxf8 34. Qxd6+ Re7 35. Qf6 Qg1+ 36. Ng2 Ke8 37. Qc6+ Rd7 38. a5 Qa1 39. Qa8+ Ke7 40. Ne3 Qe5+ 41. Kf3 Rd6 42. Qb7+ Kf8 43. Ke2 Qe7 44. Qxe7+ Kxe7 45. g5 Rd8 46. Kd3 Rb8 47. Nc4 f6 48. f4 fxg5 49. fxg5 Rf8 50. Kd4 h5 51. gxh6 g5 52. Ne5 Kd6 53. h7 Rf4+ 54. Kc3 Rh4 55. h8=Q Rxh8 56. Nf7+ Kxd5 57. Nxh8 Kc5 1/2-1/2

[Event "Turkish Youth Championship 2024"]
[Site "Samsun"]
[Date "2024.05.24"]
[Round "9"]
[White "Sadik, Muhammed Selim"]
[Black "Konyar, Enver"]
[Result "1/2-1/2"]
[ECO "E32"]
[WhiteElo "1734"]
[BlackElo "1606"]
[Annotator "NA RC"]
[PlyCount "131"]
[EventDate "2024.05.18"]
[EventType "swiss"]
[EventCountry "TUR"]
[SourceTitle "playchess.com"]
[Source "ChessBase"]
[SourceQuality "1"]
[TimeControl "5400+30"]

1. d4 Nf6 2. c4 e6 3. Nc3 Bb4 4. Qc2 O-O 5. e4 d6 6. Bd3 e5 7. d5 Na6 8. Nge2 Bxc3+ 9. Nxc3 Nb4 10. Qe2 Nxd3+ 11. Qxd3 Nd7 12. g4 Nc5 13. Qg3 a5 14. O-O g5 15. Rd1 Bd7 16. Be3 b6 17. Rd2 f6 18. h4 h6 19. b3 Kg7 20. f3 Qe7 21. Rad1 Rh8 22. Rg2 Kf7 23. Rh2 Rag8 24. h5 Ra8 25. Rb2 Kg7 26. a3 Ra7 27. Qf2 Rha8 28. Qc2 Ra6 29. Ra1 Be8 30. Rba2 Qd7 31. Nb5 Qc8 32. Nc3 Qd7 33. b4 axb4 34. axb4 Rxa2 35. Rxa2 Rxa2 36. Qxa2 Nd3 37. Qa7 c5 38. Qxd7+ Bxd7 39. bxc5 Nxc5 40. Kf1 Kf7 41. Ke2 Ke7 42. Kd2 Kd8 43. Nd1 Kc7 44. Nb2 Kb7 45. Kc2 Kc7 46. Kb1 Kb7 47. Ka2 Kc7 48. Ka3 Kb7 49. Kb4 Na6+ 50. Kc3 Nc5 51. Nd1 Kc7 52. Nf2 Kb7 53. Nh3 Be8 54. Ng1 Bd7 55. Ne2 Kc7 56. Ng3 Kb7 57. Bf2 Kc7 58. Nf5 Bxf5 59. exf5 Kb7 60. Bg3 Kc7 61. Kb4 Kb7 62. Kb5 Nd3 63. Ka4 Ka6 64. Kb3 Nc5+ 65. Kb4 Nd3+ 66. Kc3 1/2-1/2

[Event "Turkish Youth Championship 2024"]
[Site "Samsun"]
[Date "2024.05.24"]
[Round "9"]
[White "Tonoglu, Engin Erdem"]
[Black "Ucar, Umut Can"]
[Result "0-1"]
[ECO "B07"]
[WhiteElo "1691"]
[BlackElo "1799"]
[Annotator "NA RC"]
[PlyCount "50"]
[EventDate "2024.05.18"]
[EventType "swiss"]
[EventCountry "TUR"]
[SourceTitle "playchess.com"]
[Source "ChessBase"]
[SourceQuality "1"]
[TimeControl "5400+30"]

1. c4 Nf6 2. Nc3 e5 3. Nf3 d6 4. e4 c5 5. Be2 Be7 6. O-O O-O 7. d3 Nc6 8. a3 a6 9. Rb1 Rb8 10. b4 cxb4 11. axb4 b5 12. Ba3 Bg4 13. Ne1 Bxe2 14. Qxe2 Nd4 15. Qd2 Qc8 16. Nd5 Nxd5 17. cxd5 Qg4 18. f3 Qh5 19. Nc2 Bg5 20. Qd1 Nxc2 21. Qxc2 Be3+ 22. Kh1 Rbc8 23. Qe2 Bf4 24. g4 Qh3 25. Bc1 Rc2 0-1

[Event "Turkish Youth Championship 2024"]
[Site "Samsun"]
[Date "2024.05.24"]
[Round "9"]
[White "Toptal, Uygar Altan"]
[Black "Bulut, Kemal"]
[Result "1-0"]
[ECO "B76"]
[WhiteElo "1679"]
[BlackElo "1848"]
[Annotator "NA RC"]
[PlyCount "129"]
[EventDate "2024.05.18"]
[EventType "swiss"]
[EventCountry "TUR"]
[SourceTitle "playchess.com"]
[Source "ChessBase"]
[SourceQuality "1"]
[TimeControl "5400+30"]

1. e4 c5 2. Nf3 d6 3. d4 cxd4 4. Nxd4 Nf6 5. Nc3 g6 6. Be3 Bg7 7. f3 Nc6 8. Qd2 O-O 9. O-O-O d5 10. exd5 Nxd5 11. Nxc6 bxc6 12. Bd4 Bxd4 13. Qxd4 Qb6 14. Na4 Qc7 15. Bc4 Rd8 16. Nc5 Bf5 17. Bb3 Nb6 18. Qe3 Rxd1+ 19. Rxd1 Qxh2 20. Qxe7 Nd5 21. Bxd5 cxd5 22. Qe2 Qf4+ 23. Kb1 Qd6 24. Nb3 g5 25. Qd2 Qg6 26. g4 Be6 27. Nd4 Bd7 28. Rh1 Rc8 29. Rh5 h6 30. Rh1 Qf6 31. Rd1 Rc4 32. b3 Rc8 33. Qa5 Qd6 34. Qxa7 Rc7 35. Qa5 Rc8 36. Kb2 Qe5 37. Qa6 Be6 38. Qd3 Ra8 39. a4 Bd7 40. Qe2 Qf6 41. Qd3 Rb8 42. Ka2 Qb6 43. Qc3 Rc8 44. Qd3 Ra8 45. Kb2 Rxa4 46. Nf5 Ra5 47. Ne7+ Kf8 48. Nxd5 Qc5 49. b4 Rb5 50. c3 Bc6 51. Nc7 Rb7 52. Rd2 Qe7 53. Nd5 Qe5 54. Qd4 Qxd4 55. Rxd4 Rd7 56. c4 Bxd5 57. Rxd5 Rxd5 58. cxd5 f5 59. gxf5 h5 60. b5 Ke7 61. f6+ Kxf6 62. b6 Ke5 63. b7 Kxd5 64. b8=Q Kd4 65. Qg3 1-0

[Event "Turkish Youth Championship 2024"]
[Site "Samsun"]
[Date "2024.05.24"]
[Round "9"]
[White "Cecen, Kuay Kam"]
[Black "Ozmen, Sevket Mert"]
[Result "0-1"]
[ECO "B34"]
[WhiteElo "1642"]
[BlackElo "1749"]
[Annotator "NA RC"]
[PlyCount "164"]
[EventDate "2024.05.18"]
[EventType "swiss"]
[EventCountry "TUR"]
[SourceTitle "playchess.com"]
[Source "ChessBase"]
[SourceQuality "1"]
[TimeControl "5400+30"]

1. e4 c5 2. Nf3 Nc6 3. d4 cxd4 4. Nxd4 g6 5. Nxc6 bxc6 6. Qd4 Nf6 7. e5 Nd5 8. Nc3 Nxc3 9. e6 f6 10. exd7+ Bxd7 11. Qxc3 e5 12. Bc4 Qe7 13. O-O Qb4 14. Bd2 Qxc3 15. Bxc3 Bc5 16. Rad1 O-O-O 17. b4 Bb6 18. Rd6 Rhf8 19. a4 Bc7 20. Rdd1 Bf5 21. Bb3 Be4 22. a5 Kb7 23. f3 Bd5 24. Ba4 a6 25. Rfe1 Bd6 26. Bd2 Rd7 27. c3 Rfd8 28. Be3 Bc4 29. Bc2 Be7 30. Bb6 Rxd1 31. Rxd1 Rxd1+ 32. Bxd1 c5 33. bxc5 Kc6 34. Ba4+ Bb5 35. Bb3 Bxc5+ 36. Bxc5 Kxc5 37. Kf2 Bc6 38. Ke3 Kb5 39. Kd3 Kxa5 40. Kc4 Kb6 41. Kb4 a5+ 42. Kc4 Be8 43. Bc2 Bf7+ 44. Kd3 Kc5 45. Ba4 Bc4+ 46. Kc2 Bf1 47. g3 Bb5 48. Bb3 a4 49. Bg8 h6 50. Kb2 Be2 51. f4 e4 52. Bh7 Bc4 53. Bxg6 e3 54. Kc2 a3 55. Bh5 a2 56. Kb2 Kd6 57. Bf3 Kc5 58. h3 e2 59. Bxe2 Bxe2 60. Kxa2 Bf1 61. h4 h5 62. Kb2 f5 63. Kc2 Kc4 64. Kd2 Bh3 65. Kc2 Bg2 66. Kd2 Be4 67. Ke3 Bb1 68. Kd2 Bd3 69. Ke3 Kxc3 70. Kf3 Kd2 71. Kf2 Be2 72. Kg1 Ke3 73. Kh2 Bg4 74. Kg2 Ke2 75. Kh1 Kf2 76. Kh2 Be2 77. Kh3 Bf1+ 78. Kh2 Kf3 79. Kg1 Kxg3 80. Kxf1 Kxh4 81. Kf2 Kg4 82. Ke3 Kg3 0-1

[Event "Turkish Youth Championship 2024"]
[Site "Samsun"]
[Date "2024.05.24"]
[Round "9"]
[White "Duygulu, Ugur"]
[Black "Buyuk, Eymen Eren"]
[Result "1/2-1/2"]
[ECO "C02"]
[WhiteElo "1585"]
[BlackElo "1999"]
[Annotator "RC"]
[PlyCount "98"]
[EventDate "2024.05.18"]
[EventType "swiss"]
[EventCountry "TUR"]
[SourceTitle "playchess.com"]
[Source "ChessBase"]
[SourceQuality "1"]
[TimeControl "5400+30"]

1. e4 e6 2. d4 d5 3. e5 c5 4. c3 Nc6 5. Nf3 Qb6 6. Na3 cxd4 7. cxd4 Bb4+ 8. Bd2 Bd7 9. Nc2 Bxd2+ 10. Qxd2 Nge7 11. Bd3 h6 12. O-O Rc8 13. b4 O-O 14. a4 a6 15. Rfb1 Qc7 16. Ne3 Na7 17. Ra3 Ng6 18. b5 axb5 19. axb5 b6 20. Qa2 Nxb5 21. Bxb5 Bxb5 22. Rxb5 Qc1+ 23. Nf1 Rc2 24. Qa1 Nf4 25. Qxc1 Ne2+ 26. Kh1 Rxc1 27. N3d2 Nxd4 28. Rxb6 Rfc8 29. g3 Nc2 30. Rab3 Ne1 31. Rb8 Rxb8 32. Rxb8+ Kh7 33. Rb3 d4 34. Kg1 Rc3 35. Rb4 Nd3 36. Rxd4 Nxe5 37. Re4 Nd7 38. Ne3 g5 39. Nf3 Kg7 40. Rc4 Rxc4 41. Nxc4 f5 42. Nfe5 Nc5 43. g4 fxg4 44. Nxg4 h5 45. Nge3 Kf6 46. Nd2 g4 47. Kg2 Kg5 48. Nec4 Kf4 49. Ne3 Ke5 1/2-1/2